 Dungeon Crawl Stone Soup version 0.26-a0-665-gefeb406119 (webtiles) character file.

Game seed: 905980255807583166

3 miscthings the Sneak (level 1, -3/20 HPs)
             Began as a Palentonga Delver on Oct 15, 2020.
             Killed from afar by an orc wizard (7 damage)
             ... with a puff of frost
             ... on level 4 of the Dungeon.
             The game lasted 00:00:42 (118 turns).

miscthings the Sneak (Palentonga Delver)             Turns: 118, Time: 00:00:43

Health: -3/20      AC:  4    Str: 15    XL:     1   Next: 41%
Magic:  1/1        EV:  9    Int: 10    God:
Gold:   0          SH:  0    Dex: 11    Spells: 0/0 levels left

rFire    . . .     SeeInvis +   a - +0 hand axe
rCold    . . .     Faith    .   (no shield)
rNeg     . . .     Spirit   .   b - +0 leather armour
rPois    .         Reflect  .   (no helmet)
rElec    .         Harm     .   (no cloak)
rCorr    .         Rampage  .   (no gloves)
MR       .....                  (no barding)
Stlth    ++........             (no amulet)
HPRegen  0.06/turn              (no ring)
MPRegen  0.07/turn              (no ring)

@: no status effects
A: large, rugged brown scales 3, see invisible, deformed body, roll, armoured
tail
a: Rolling Charge


You were on level 4 of the Dungeon.
You visited 1 branch of the dungeon, and saw 2 of its levels.

Inventory:

Hand Weapons
 a - a +0 hand axe (weapon)
Armour
 b - a +0 leather armour (worn)
Wands
 g - a wand of digging (3)
Scrolls
 c - a scroll of fog
 d - a scroll of magic mapping
Potions
 f - a potion of haste


   Skills:
 - Level 3.0 Fighting
 + Level 2.3 Axes
 - Level 1.5 Dodging
 - Level 3.3 Stealth


You couldn't memorise any spells.
You didn't know any spells.
Your spell library was empty.

Dungeon Overview and Level Annotations

Branches:
Dungeon (5/15)
 Temple: D:4-7

Altars:


Innate Abilities, Weirdness & Mutations

You are completely covered in rugged brown scales. (AC +3, +7% HP)
You have supernaturally acute eyesight. (SInv)
Armour fits poorly on your strangely shaped body.
You can roll at foes to attack.
You have a long armoured tail.


Message History

An orc and an orc priest come into view.
The orc shouts!
The orc wizard shouts!
The orc priest shouts!
The orc shouts!
An orc wizard comes into view. It is wielding a +0 dagger.
The orc throws a stone.
The stone closely misses you.
The stone hits the orc.
The orc shouts!
You hear a shout!
The orc hits you with a +0 club.
* * * LOW HITPOINT WARNING * * *
The orc hits you but does no damage. The orc hits you but does no damage.
The orc hits you with a +0 club.
* * * LOW HITPOINT WARNING * * *
The orc closely misses you.
The orc wizard shouts!
You hear a shout!
The orc wizard hits you but does no damage.
The orc wizard closely misses you.
The orc wizard points at you and mumbles some strange words.
The puff of frost hits you!
You die...

#.# #o###.#
##.##.# #####o#
##...## #.....
o.....#
####.#######..###
#######
#...............#
#.##.##..##.....#
# #..ooo.o.....#
####oo####.#.#
#..# ###.#
#####@.######.#
#...............#
#################


You could see an orc wizard and 4 orcs.

Vanquished Creatures
  An adder skeleton (D:4)
1 creature vanquished.

Notes
Turn   | Place    | Note
-------+----------+-------------------------------------------
     0 | D:5      | miscthings the Palentonga Delver began the quest for the
                  | Orb.
     0 | D:5      | Reached XP level 1. HP: 20/20 MP: 1/1
     3 | D:5      | Noticed an orc wizard
    77 | D:4      | Noticed an orc wizard
    79 | D:4      | Noticed an orc priest
    79 | D:4      | Noticed an orc wizard
   118 | D:4      | Killed from afar by an orc wizard

Illustrated notes

Levels and vault maps discovered:
D:4:      layout_loops_corners, nicolae_ru_the_path_less_chosen
D:5:      layout_rooms, uniq_pikel, uniq_ijyb

Action                   || total
-------------------------++-------
Melee: Hand axe          ||     3
  Use: Scroll            ||     1
Armor: Leather armour    ||     3
Dodge: Dodged            ||     6

Table legend: (Time is in decaauts)
 A = Elapsed time spent in this place.
 B = Non-inter-level travel time spent in this place.
 C = Inter-level travel time spent in this place.
 D = Time resting spent in this place.
 E = Time spent auto-exploring this place.
 F = Levels seen in this place.
 G = Mean time per level.
                   A        B        C        D        E       F      G
               +--------+--------+--------+--------+--------+-----+--------+
         Total |    118 |    118 |      0 |      0 |     11 |   2 |   59.0 |
       Dungeon |    118 |    118 |      0 |      0 |     11 |   2 |   59.0 |
               +--------+--------+--------+--------+--------+-----+--------+

Top non-repeatable levels by time:
     D:4: 99 daAuts
     D:5: 19 daAuts
